 Dungeon Crawl Stone Soup version 0.30.0-5-g1a98f26d00 (webtiles) character file.

Game seed: 17161074794528343077

8 Darkkill the Shooter (level 2, 25/25 HPs)
             Began as a Minotaur Hunter on May 8, 2023.
             Was an Initiate of Ashenzari.
             Quit the game on level 1 of the Dungeon on May 9, 2023.
             The game lasted 00:01:12 (163 turns).

Darkkill the Shooter (Minotaur Hunter)               Turns: 163, Time: 00:01:12

Health: 25/25      AC:  3    Str: 15    XL:     2   Next: 0%
Magic:  1/1        EV: 12    Int:  6    God:    Ashenzari [......]
Gold:   0          SH:  0    Dex: 13    Spells: 1/1 levels left

rFire   . . .        a - +0 shortbow
rCold   . . .        (shield currently unavailable)
rNeg    . . .        c - +0 leather armour
rPois   .            (helmet restricted)
rElec   .            (no cloak)
rCorr   .            (no gloves)
SInv    .            (no boots)
Will    .....        (no amulet)
Stlth   +            (no ring)
HPRegen 0.24/turn    (no ring)
MPRegen 0.07/turn

%: no passive effects
@: no status effects
A: horns 2, retaliatory headbutt
a: Renounce Religion, Curse Item


You were on level 1 of the Dungeon.
You worshipped Ashenzari.
Ashenzari was noncommittal.
You visited 1 branch of the dungeon, and saw 1 of its levels.

Inventory:

Hand Weapons
 a - a +0 shortbow (weapon)
Missiles
 d - a throwing net {=f !f}
 f - 7 stones
Armour
 c - a +0 leather armour (worn)
Scrolls
 b - a scroll of immolation
Potions
 e - a potion of mutation {unknown}


   Skills:
 + Level 2.7 Fighting
 + Level 4.5 Ranged Weapons
 + Level 2.4 Dodging
 + Level 1.1 Stealth


You had one spell level left.
You didn't know any spells.
Your spell library contained the following spells:

 Spells                   Type           Power      Damage    Failure   Level
 Volatile Blastmotes      Fire/Tloc      0%         2d10      88%         3
 Fulminant Prism          Conj/Hex       0%         3d5       99%         4
 Iskenderun's Mystic Bla  Conj/Tloc      0%         2d3       99%         4
 Lee's Rapid Deconstruct  Erth           0%         3d4*      100%        5


Dungeon Overview and Level Annotations

Branches:
Dungeon (1/15)

Altars:
Ashenzari


Innate Abilities, Weirdness & Mutations

You have a pair of horns on your head.
You reflexively headbutt those who attack you in melee.


Message History

Welcome, Darkkill the Minotaur Hunter.
Will you be the one to retrieve the fabled Orb of Zot from the depths?
Press ? for a list of commands and other information.
Found a staircase leading out of the dungeon.
Found a stone staircase leading down.
No target in view!
d - a throwing net {=f !f} You open the door.
There is an open door here.
Found a faded altar of an unknown god.
No target in view!
No target in view!
There is an open door here.
There is an open door here.
A goblin comes into view. It is wielding a +0 dagger.
There's something in the way.
A goblin is nearby!
There's something in the way.
A goblin is nearby!
A goblin is nearby!
There's something in the way.
There is an open door here.
You enter the shallow water.
Moving in this stuff is going to be slow.
There is a faded altar of an unknown god here.
This altar belongs to (a) Uskayaw, (b) Ashenzari or (c) Nemelex Xobeh, but you can't tell which.
Press the corresponding letter to learn more about a god, or press enter to convert or escape to cancel.
Okay, then.
Unknown command.
Press < or > to pray at altars.
This altar belongs to (a) Uskayaw, (b) Ashenzari or (c) Nemelex Xobeh, but you can't tell which.
Press the corresponding letter to learn more about a god, or press enter to convert or escape to cancel.
Ashenzari accepts your prayer! Ashenzari welcomes you!
Ashenzari warns you of distant threats and treasures.
Ashenzari reveals the structure of the dungeon to you.
Ashenzari shows you where magical portals lie.
Unknown command.
Press < or > to pray at altars.
Unknown command.
Press < or > to pray at altars.
Unknown command.
Press < or > to pray at altars.
You enter the shallow water.
Moving in this stuff is going to be slow.
You open the door.
There is an open door here.
Ashenzari invites you to partake of a vision and a curse of fortitude and introspection.
You pick up a book of Blasting and begin reading...
You add the spells Volatile Blastmotes, Fulminant Prism, Iskenderun's Mystic Blast and Lee's Rapid Deconstruction to your library.
e - a smoky coppery potion No target in view!
There is an open door here.
There is an open door here.
You shoot an arrow. The arrow hits the goblin.
The goblin is heavily wounded.
A goblin is nearby!
You shoot an arrow. The arrow closely misses the goblin.
A goblin is nearby!
You shoot an arrow. The arrow hits the goblin.
You kill the goblin!
No target in view!
A goblin comes into view. It is wielding a +0 club.
Found 7 stones.
A goblin is nearby!
You shoot an arrow. The arrow hits the goblin!
You kill the goblin!
f - 7 stones A hobgoblin comes into view.
You shoot an arrow. The arrow hits the hobgoblin!
You kill the hobgoblin!
A quokka and an endoplasm come into view.
You shoot an arrow. The arrow hits the quokka!
You kill the quokka!
Your Stealth skill increases to level 1!
An endoplasm is nearby!
You shoot an arrow. The arrow hits the endoplasm.
The endoplasm quivers.
The endoplasm is moderately wounded.
You shoot an arrow. The arrow hits the endoplasm.
You kill the endoplasm!
A giant cockroach comes into view.
You see here a scroll labelled RASSAH JUAQE.
You shoot an arrow.
The arrow closely misses the giant cockroach.
A giant cockroach is nearby!
You shoot an arrow. The arrow hits the giant cockroach!
You kill the giant cockroach!
You have reached level 2!
Welcome back, Darkkill the Minotaur Hunter.
Ashenzari says: Partake of my vision.
Partake of my curse.
Press ? for a list of commands and other information.
Are you sure you want to abandon this character and quit the game? (Confirm with "yes".)

##......##
##........##
#..........#
#!.........#
#..........### ###
#............. ..#
##..........##.
#.##
###......@...††..
#..#
#.............#.#.§
##.#
#.####......≈....§≈
#.# #>#
#....#....≈..§ #.#
#.# #..≈...≈....§≈
#.# #.#
#........#.#.. #.#
#.# ##..#.#.......
#.###.#
#..§§§.≈...≈.
#.##..#
#...§....#..


There were no monsters in sight!

Vanquished Creatures
  An endoplasm (D:1)
  A giant cockroach (D:1)
  2 goblins (D:1)
  A hobgoblin (D:1)
  A quokka (D:1)
6 creatures vanquished.

Notes
Turn   | Place    | Note
-------+----------+-------------------------------------------
     0 | D:1      | Darkkill the Minotaur Hunter began the quest for the Orb.
     0 | D:1      | Reached XP level 1. HP: 18/18 MP: 0/0
    75 | D:1      | Found a faded altar of an unknown god.
    93 | D:1      | Prayed at the altar of an unknown god.
    93 | D:1      | Became a worshipper of Ashenzari the Shackled
   158 | D:1      | Reached skill level 1 in Stealth
   163 | D:1      | Reached XP level 2. HP: 25/25 MP: 1/1
   163 | D:1      | Quit the game

Illustrated notes

Levels and vault maps discovered:
D:1:      scummos_arrival_simple_crosswalls, layout_rooms,
          shapermc_ecumenical_altar_notcrosses, nicolae_kite_square_tiling_tiny

Skill      XL: |  1 |
---------------+----+-----
Stealth        | 1 |  1.1
Fighting       | |  2.7
Ranged Weapons | |  4.5
Dodging        | |  2.4

Action                     || total
---------------------------++-------
   Fire: Shortbow          ||    10

Levels and vault maps discovered:
D:1:      scummos_arrival_simple_crosswalls, layout_rooms,
          shapermc_ecumenical_altar_notcrosses, nicolae_kite_square_tiling_tiny

Table legend: (Time is in decaauts)
 A = Elapsed time spent in this place.
 B = Non-inter-level travel time spent in this place.
 C = Inter-level travel time spent in this place.
 D = Time resting spent in this place.
 E = Time spent auto-exploring this place.
 F = Levels seen in this place.
 G = Mean time per level.
                   A        B        C        D        E       F      G
               +--------+--------+--------+--------+--------+-----+--------+
         Total |    167 |    159 |      8 |      0 |    131 |   1 |  167.0 |
       Dungeon |    167 |    159 |      8 |      0 |    131 |   1 |  167.0 |
               +--------+--------+--------+--------+--------+-----+--------+

Top non-repeatable levels by time:
     D:1: 167 daAuts

Table legend:
 A = Kills in this place as a percentage of kills in the entire game.
 B = Kills by you in this place as a percentage of kills by you in the entire game.
 C = Kills by friends in this place as a percentage of kills by friends in the entire game.
 D = Other kills in this place as a percentage of other kills in the entire game.
 E = Experience gained in this place as a percentage of experience gained in the entire game.
 F = Experience gained in this place divided by the number of levels of this place that you have seen.
                   A       B       C       D       E      F
               +-------+-------+-------+-------+-------+----------------------
         Total | 100.0 | 100.0 |   N/A |   N/A | 100.0 |  12.0
       Dungeon | 100.0 | 100.0 |   N/A |   N/A | 100.0 |  12.0
               +-------+-------+-------+-------+-------+----------------------
